 Dungeon Crawl Stone Soup version 0.27.0-1-g7a089689b8 (webtiles) character file.

Game seed: 10398821118020971388

10 inmateoo the Bolt Thrower (level 2, 0/23 HPs)
             Began as a Formicid Hunter on Aug 10, 2021.
             Slain by a ball python (2 damage)
             ... on level 1 of the Dungeon.
             The game lasted 00:00:42 (617 turns).

inmateoo the Bolt Thrower (Formicid Hunter)          Turns: 617, Time: 00:00:42

Health: 0/23       AC:  3    Str: 16    XL:     2   Next: 30%
Magic:  2/2        EV:  8    Int: 10    God:
Gold:   27         SH:  0    Dex: 11    Spells: 1/1 levels left

rFire    . . .     SeeInvis +   g - +0 dagger (drain)
rCold    . . .     Faith    .   (no shield)
rNeg     . . .     Spirit   .   c - +0 leather armour
rPois    .         Reflect  .   (helmet unavailable)
rElec    .         Harm     .   (no cloak)
rCorr    .         Rampage  .   (no gloves)
Will     .....                  (no boots)
Stlth    +.........             (no amulet)
HPRegen  0.07/turn              (no ring)
MPRegen  0.08/turn              (no ring)

@: constricted
A: permanent stasis, dig shafts and tunnels, antennae 3, four strong arms
a: Dig, Shaft Self


You were on level 1 of the Dungeon.
You visited 1 branch of the dungeon, and saw 1 of its levels.

You collected 27 gold pieces.

Inventory:

Hand Weapons
 a - a +1 hand crossbow
 g - a +0 dagger of draining (weapon)
Missiles
 d - 20 bolts
Armour
 c - a +0 leather armour (worn)
Scrolls
 b - a scroll of identify {unknown}
 e - a scroll of teleportation {unknown}
Potions
 f - a potion of degeneration {unknown}


   Skills:
 + Level 2.4 Fighting
 + Level 4.1 Crossbows
 + Level 0.8 Armour
 - Level 2.0 Dodging
 - Level 1.2 Stealth


You had one spell level left.
You didn't know any spells.
Your spell library was empty.

Dungeon Overview and Level Annotations

Branches:
Dungeon (1/15)

Altars:


Innate Abilities, Weirdness & Mutations

You cannot be hasted, slowed, berserked, paralysed or teleported.
You can dig through walls and to a lower floor.
You have a pair of large antennae on your head. (SInv)
Your four strong arms can wield two-handed weapons with a shield.


Message History

You closely miss the quokka.
The quokka is heavily wounded.
The quokka bites you. The ball python bites you.
The ball python closely misses you.
You miss the quokka.
The quokka is heavily wounded.
The quokka bites you. The ball python barely misses you.
The ball python grabs you. The ball python constricts you.
You closely miss the ball python. The quokka bites you.
The ball python bites you. The ball python constricts you.
You are too injured to fight recklessly!
Unknown command.
You escape the ball python's grasp.
The quokka twitches its whiskers.
The quokka barely misses you.
The ball python bites you but does no damage.
The ball python barely misses you. The quokka bites you.
The ball python bites you. The ball python grabs you.
* * * LOW HITPOINT WARNING * * *
The ball python constricts you. The quokka barely misses you.
You escape the ball python's grasp.
You hit the quokka. You drain the quokka.
The quokka is almost dead.
The quokka closely misses you. The quokka barely misses you.
You closely miss the quokka.
The quokka is almost dead.
The quokka completely misses you.
You hit the quokka.
You kill the quokka!
You closely miss the ball python. The ball python barely misses you.
The ball python closely misses you. The ball python bites you.
* * * LOW HITPOINT WARNING * * *
The ball python grabs you.
* * * LOW HITPOINT WARNING * * *
The ball python constricts you.
You hit the ball python.
The ball python is heavily wounded.
The ball python bites you.
You die...

#...........# #8...8# #
#.......##### ##...#### ###
#.......#8###8##...##8###8#
#..........................
#................⌠.........
#).........................
#.......#8###8##...##8###8#
#.......########...#### ###
#######..S@...#8...8
#######.##...# #...# #...#
8...8


You could see a ball python.

Vanquished Creatures
  A dart slug (D:1)
  An endoplasm (D:1)
  A goblin (D:1)
  A quokka (D:1)
  2 bats (D:1)
  A frilled lizard (D:1)
  2 kobolds (D:1)
9 creatures vanquished.

Notes
Turn   | Place    | Note
-------+----------+-------------------------------------------
     0 | D:1      | inmateoo the Formicid Hunter began the quest for the Orb.
     0 | D:1      | Reached XP level 1. HP: 16/16 MP: 1/1
   535 | D:1      | Reached XP level 2. HP: 22/22 MP: 2/2
   617 | D:1      | Slain by a ball python

Illustrated notes

Levels and vault maps discovered:
D:1:      kilobyte_arrival_exit_the_forest, layout_basic, serial_corexii_hall,
          chequers_hall_statues_y, chequers_hall_statues_wall_a,
          corexii_hall_statues_x, minmay_misc_feat_diagonals

Skill      XL: |  1  2 |
---------------+-------+-----
Dodging        | 2 |  2.0
Fighting       | |  2.4
Crossbows      | |  4.1
Armour         | |  0.8
Stealth        | |  1.2

Action                   || total
-------------------------++-------
Melee: Dagger            ||    24
       Short sword       ||     7
Armor: Leather armour    ||     6
Dodge: Dodged            ||    19
